 Dungeon Crawl Stone Soup version 0.28.0-53-g5a82cb258f (webtiles) character file.

Game seed: 3968527014381606928

3454 moldycheese5 the Thaumaturge (level 10, -5/63 HPs)
             Began as a Djinni Fire Elementalist on June 17, 2022.
             Was an Initiate of Gozag.
             Slain by a white ugly thing (15 damage)
             ... on level 8 of the Dungeon.
             The game lasted 00:29:08 (13258 turns).

moldycheese5 the Thaumaturge (DjFE)                Turns: 13258, Time: 00:29:08

Health: -5/63      AC:  5    Str:  7    XL:     10   Next: 26%
Gold:   1584       EV: 17    Int: 24    God:    Gozag SH:  0 Dex: 15

rFire   + + .      SeeInvis .   b - +1 long sword (drain)
rCold   x . .      Faith    .   (no shield)
rNeg    . . .      Spirit   .   z - +1 robe of Tomorrow {Int+4}
rPois   ∞          Reflect  .   m - +2 hat
rElec   .          Harm     +   n - scarf {harm}
rCorr   .          Rampage  .   (no gloves)
Will    +....                   (boots unavailable)
Stlth   ++........              (no amulet)
HPRegen 0.20/turn               d - +4 ring of evasion
MPRegen 0.00/turn               (no ring)

@: flying, very slightly contaminated
A: sickness immunity, fire resistance 2, cold vulnerability 1, float, innate
caster, HP casting, extra vitality 1
a: Renounce Religion, Potion Petition, Call Merchant, Bribe Branch


You were on level 8 of the Dungeon.
You worshipped Gozag.
Gozag was most pleased with you.
You visited 2 branches of the dungeon, and saw 9 of its levels.
You also visited: Ossuary.

You collected 1689 gold pieces.
You paid 105 gold pieces to Gozag.

Inventory:

Hand Weapons
 b - a +1 long sword of draining (weapon)
Armour
 a - a +0 robe
 h - a +0 leather armour of cold resistance
 l - a +4 chain mail
 m - a +2 hat (worn)
 n - a scarf of harm (worn)
 z - the +1 robe of Tomorrow (worn) {Int+4}
   (You found it in an ossuary)

   Int:       It affects your intelligence (+4).
Jewellery
 d - a +4 ring of evasion (left hand)
Wands
 q - a wand of flame (24)
 x - a wand of polymorph (10)
 B - a wand of iceblast (1)
Scrolls
 e - 4 scrolls of teleportation
 f - a scroll of brand weapon
 j - 2 scrolls of silence {unknown}
 k - 2 scrolls of fog {unknown}
 p - 3 scrolls of blinking {unknown}
 r - 2 scrolls of enchant weapon {unknown}
 s - a scroll of immolation {unknown}
 t - a scroll of summoning {unknown}
 v - 5 scrolls of identify
 y - a scroll of vulnerability {unknown}
Potions
 c - 2 potions of curing
 g - a potion of magic {unknown}
 i - 2 potions of heal wounds
 o - a potion of lignification
 u - a potion of haste
 w - a potion of might
 A - 3 potions of brilliance {unknown}
 C - a potion of flight {unknown}


   Skills:
 + Level 1.4 Fighting
 + Level 3.6 Armour
 + Level 4.2 Dodging
 + Level 3.2 Stealth
 + Level 1.3 Unarmed Combat
 + Level 9.9 Spellcasting


You had 5 spell levels left.
You knew the following spells:

 Your Spells              Type           Power      Damage    Failure   Level
a - Foxfire               Conj/Fire      100%       2x1d9     1%          1
b - Scorch                Fire           100%       2d10      1%          2
c - Conjure Flame         Conj/Fire      56%        6-21      1%          3
d - Inner Flame           Hex/Fire       56%        N/A       1%          3
e - Flame Wave            Conj/Fire      56%        2d11      1%          4
f - Summon Small Mammal   Summ           100%       N/A       1%          1
g - Corpse Rot            Necr/Air       100%       N/A       1%          2
h - Confusing Touch       Hex            56%        N/A       1%          3
i - Airstrike             Air            28%        N/A       1%          4
Your spell library was empty.

Dungeon Overview and Level Annotations

Branches:
Dungeon (8/15)             Temple (1/1) D:5         Ossuary (visited)
   Lair: D:8-11

Altars:
Ashenzari
Cheibriados
Elyvilon
Fedhas
Gozag
Hepliaklqana
Kikubaaqudgha
Okawaru
Qazlal
Ru
Sif Muna
Trog
Uskayaw
Vehumet
Wu Jian
Xom
Yredelemnul
Zin
The Shining One

Annotations:
D:6 2 transporters, osoart's ghost, novice TrMo


Innate Abilities, Weirdness & Mutations

You are immune to sickness and miasma.
You are immune to poison.
Your flesh is very heat resistant. (rF++)
You are vulnerable to cold. (rC-)
You float through the air rather than walking.
You learn spells naturally, not from books.
Your magical power is your life essence.
You have superior vitality. (+4 MHP)


Message History

Press: ? - help, Q - select action, (/) - cycle Dir - move target, f/p - komodo dragon
Aim: a komodo dragon (almost dead, empty space bonus: 2/8)
The air twists around and strikes the komodo dragon!
You kill the komodo dragon!
You now have 1584 gold pieces (gained 18).
Found a leather armour.
v - 5 scrolls of identify (gained 1)
A white ugly thing comes into view.
Aiming: Airstrike (dangerous; 1% risk of failure)
Press: ? - help, Q - select action, (/) - cycle Dir - move target, f - white ugly thing
Aim: a white ugly thing (asleep, empty space bonus: 2/8)
You miscast Airstrike.
You are very lightly contaminated with residual magic.
Nothing appears to happen.
Aiming: Airstrike (dangerous; 1% risk of failure)
Press: ? - help, Q - select action, (/) - cycle Dir - move target, f/p - white ugly thing
Aim: a white ugly thing (asleep, empty space bonus: 2/8)
The air twists around and strikes the white ugly thing!
The white ugly thing gurgles horribly!
The white ugly thing is lightly wounded.
Aiming: Airstrike (dangerous; 1% risk of failure)
Press: ? - help, Q - select action, (/) - cycle Dir - move target, p - white ugly thing The spell fizzles.
Aiming: Airstrike (dangerous; 1% risk of failure)
Press: ? - help, Q - select action, (/) - cycle Dir - move target The spell fizzles.
Aiming: Airstrike (dangerous; 1% risk of failure)
Press: ? - help, Q - select action, (/) - cycle Dir - move target The spell fizzles.
Aiming: Airstrike (dangerous; 1% risk of failure)
Press: ? - help, Q - select action, (/) - cycle Dir - move target, f - white ugly thing
Aim: a white ugly thing (lightly wounded, empty space bonus: 4/8)
The air twists around and strikes the white ugly thing!
The white ugly thing is moderately wounded.
The white ugly thing pecks you! The white ugly thing freezes you!!
You feel a terrible chill!
* * * LOW HITPOINT WARNING * * *
The white ugly thing pecks you!
You die...
Your body crumbles into a pile of gold.

#.###.........##
##...#....####..##
########..##......###...##
...................##...).
########...#..............
##.[........##.##..
#..##.....###.##.#
#..##....####.##.#
#@.##.###......#.#
#u.##......8#8.#.# #..##
#..#!#.#.#
#.......#..8#8...#
...####.##........ .#...
##..#.### #.##### #.# #.#
# # #..##.### .##.#.##...


You could see a white ugly thing.

Vanquished Creatures
  Maggie (D:8)
  A komodo dragon (D:8)
  Eustachio (D:5)
  3 yaks (D:4)
  Menkaure (D:4)
  2 water moccasins
  Duvessa (D:7)
  An ice beast (D:7)
  2 black bears (D:6)
  An ogre (D:5)
  2 necrophages
  A centaur (D:7)
  A kobold brigand (D:7)
  Blork the orc (D:5)
  An elf zombie (Ossuary)
  A bullfrog (D:7)
  A scorpion (D:5)
  A wyvern zombie (D:7)
  Dowan (D:7)
  2 wyvern skeletons
  A water moccasin skeleton (D:4)
  A howler monkey (D:5)
  2 hounds
  A centaur zombie (Ossuary)
  Crazy Yiuf (D:6)
  2 orc priests
  A bullfrog skeleton (D:7)
  2 centaur skeletons
  3 jellies (D:7)
  An iguana (D:5)
  3 orc wizards
  A killer bee zombie (D:7)
  A hound skeleton (D:4)
  2 mummies (Ossuary)
  3 adders
  An ufetubus (D:4)
  2 adder zombies (Ossuary)
  4 dart slugs
  22 orcs
  6 ball pythons
  4 endoplasms
  A giant cockroach (D:1)
  6 goblins
  8 hobgoblins
  2 jackals (D:5)
  8 kobolds
  7 quokkas
  7 bats
  6 frilled lizards
  A goblin zombie (Ossuary)
  9 hobgoblin zombies (Ossuary)
  A jackal zombie (Ossuary)
  13 kobold zombies (Ossuary)
  6 orc zombies (Ossuary)
  3 rats
  3 rat zombies (Ossuary)
171 creatures vanquished.

Vanquished Creatures (others)
  39 foxfires (D:1)
  4 fungi (D:2)
43 creatures vanquished.

Grand Total: 214 creatures vanquished

Notes
Turn   | Place    | Note
-------+----------+-------------------------------------------
     0 | D:1      | moldycheese5 the Djinni Fire Elementalist began the quest
                  | for the Orb.
     0 | D:1      | Reached XP level 1. HP: 15/15 MP: 0/0
   145 | D:1      | Reached XP level 2. HP: 17/21 MP: 0/0
  1263 | D:1      | Reached skill level 3 in Spellcasting
  1263 | D:1      | Reached XP level 3. HP: 18/25 MP: 0/0
  1263 | D:1      | Learned a level 1 spell: Summon Small Mammal
  2369 | D:2      | Found a faded altar of an unknown god.
  2556 | D:2      | Reached XP level 4. HP: 26/31 MP: 0/0
  4265 | D:4      | Reached skill level 4 in Spellcasting
  4265 | D:4      | Reached XP level 5. HP: 15/35 MP: 0/0
  4265 | D:4      | Learned a level 2 spell: Corpse Rot
  4700 | D:4      | Found a glowing golden altar of the Shining One.
  5115 | D:4      | Noticed Menkaure
  5121 | D:4      | Killed Menkaure
  5122 | D:4      | Reached skill level 1 in Armour
  5122 | D:4      | Reached XP level 6. HP: 26/40 MP: 0/0
  5275 | D:5      | Entered Level 5 of the Dungeon
  5275 | D:5      | Noticed a water moccasin
  5292 | D:4      | Reached XP level 7. HP: 9/45 MP: 0/0
  5292 | D:4      | Learned a level 3 spell: Confusing Touch
  5295 | D:4      | Reached skill level 5 in Spellcasting
  6491 | D:4      | Reached skill level 1 in Unarmed Combat
  6591 | D:4      | Identified a scroll of acquirement
  6594 | D:4      | Acquired 1304 gold pieces
  6686 | D:5      | Noticed a yak
  6691 | D:5      | Noticed a yak
  6691 | D:5      | Noticed a yak
  7275 | D:5      | Noticed Eustachio
  7283 | D:5      | Killed Eustachio
  7284 | D:5      | Reached XP level 8. HP: 33/51 MP: 0/0
  7568 | D:5      | Found a staircase to the Ecumenical Temple.
  7580 | Temple   | Entered the Ecumenical Temple
  7929 | D:5      | Reached skill level 6 in Spellcasting
  8542 | D:5      | Found a blossoming altar of Fedhas.
  8704 | D:4      | Killed a yak
  8949 | D:4      | Killed a yak
  8950 | D:4      | Reached skill level 7 in Spellcasting
  8950 | D:4      | Reached XP level 9. HP: 37/56 MP: 0/0
  8950 | D:4      | Learned a level 4 spell: Airstrike
  9064 | D:4      | Reached skill level 1 in Fighting
  9372 | D:5      | Noticed Blork the orc
  9379 | D:5      | Killed Blork the orc
  9632 | D:6      | Found a snail-covered altar of Cheibriados.
  9685 | D:6      | Reached skill level 8 in Spellcasting
  9757 | D:6      | Found a runed translucent door.
  9758 | D:6      | Noticed Crazy Yiuf
 10086 | D:6      | Found a transporter.
 10087 | D:6      | Noticed osoart's ghost (novice TrMo)
 10088 | D:6      | Found a transporter.
 10089 | D:6      | Identified the +10 giant spiked club of Dried Tears {pain,
                  | rCorr SInv}
 10089 | D:6      | Noticed a two-headed ogre
 10559 | D:6      | Killed Crazy Yiuf
 10660 | D:7      | Found a sand-covered staircase.
 10664 | Ossuary  | Entered an ossuary
 11298 | Ossuary  | Identified the +1 robe of Tomorrow {Int+4}
 11439 | D:7      | Noticed Duvessa
 11442 | D:7      | Killed Duvessa
 11444 | D:7      | Noticed Dowan
 11446 | D:7      | Killed Dowan
 11778 | D:7      | Reached skill level 9 in Spellcasting
 12203 | D:7      | Reached XP level 10. HP: 43/62 MP: 0/0
 12556 | D:7      | Found an opulent altar of Gozag.
 12570 | D:7      | Became a worshipper of Gozag Ym Sagoz the Greedy
 12731 | D:7      | Found an ornate altar of the Wu Jian Council.
 12939 | D:8      | Identified the +1 plate armour of Kudavva {Str+2}
 12951 | D:8      | Noticed Maggie
 12957 | D:8      | Killed Maggie
 13112 | D:8      | Noticed a komodo dragon
 13119 | D:8      | Killed a komodo dragon
 13250 | D:8      | Noticed a white ugly thing
 13258 | D:8      | Slain by a white ugly thing

Illustrated notes

Levels and vault maps discovered:
D:1:      ncdulo_watergridlock, layout_basic, nrook_loot_triangle,
          minmay_tetromino_o4
D:2:      layout_loops_ring, shapermc_ecumenical_altar_rom_forum
D:3:      layout_loops_cross, hangedman_glass_teeth, minmay_misc_feat_diagonals
D:4:      layout_basic, lemuel_coloured_pillars_altar,
          hangedman_abyss_or_decor_stabs, uniq_menkaure
D:5:      layout_loops_ring, nicolae_overflow_crystal_walls, uniq_eustachio,
          uniq_blork_the_orc
D:6:      layout_loops_corners, overflow_temple_1_default,
          gammafunk_ghost_smash, uniq_crazy_yiuf_cottage
D:7:      layout_basic, lemuel_tele_altar, grunt_gozag_statues,
          nzn_wu_jian_contemplation, enter_ossuary_5, uniq_duvessa
D:8:      minmay_the_grid_octo_tiled_squarecenter [minmay_the_grid_octo_chip,
          minmay_the_grid_octo_checkered, minmay_the_grid_octo_tetromino_candy,
          minmay_the_grid_octo_fat_diamond,
          minmay_the_grid_square_5x5_megaprize_crossed,
          minmay_the_grid_square_5x5_hollow_slash,
          minmay_the_grid_square_5x5_inset,
          minmay_the_grid_square_5x5_trominoes,
          minmay_the_grid_square_5x5_bridge], layout_loops_ring,
          minmay_statues_item, uniq_maggie
Temple:   nicolae_temple_figure_eight

Skill      XL: |  1  2  3  4  5  6  7  8  9 10 |
---------------+-------------------------------+-----
Spellcasting   | 3 4 5 7 9 |  9.9
Stealth        | 2 3 |  3.2
Armour         | 1 2 3 |  3.6
Unarmed Combat | 1 |  1.3
Dodging        | 3 4 |  4.2
Fighting       | 1 |  1.4

Action                   |  1- 3 |  4- 6 |  7- 9 | 10-12 || total
-------------------------+-------+-------+-------+-------++-------
Melee: Unarmed           |     4 |     2 |       |       ||     6
       Long sword        |       |       |     1 |       ||     1
 Cast: Foxfire           |    29 |       |       |       ||    29
       Scorch            |    20 |    55 |    92 |       ||   167
       Flame Wave        |       |     2 |    14 |       ||    16
       Summon Small Mamm |       |       |     3 |       ||     3
       Airstrike         |       |       |    31 |    19 ||    50
  Use: Potion            |       |     4 |     2 |       ||     6
       Scroll            |       |       |     6 |       ||     6
Armor: Robe              |     5 |       |     4 |       ||     9
       Leather armour    |       |     9 |     7 |       ||    16
       Skin              |       |    19 |     2 |       ||    21
Dodge: Dodged            |    17 |    23 |    39 |       ||    79
